 Dungeon Crawl Stone Soup version 0.31-a0-221-gbddc013574 (webtiles) character file.

Game seed: 15272367307367440966

197 qw the Shooter (level 5, -4/30 HPs)
             Began as a Gargoyle Hexslinger on July 4, 2023.
             Slain by an orc
             ... wielding a +0 hand axe
              (6 damage)
             ... on level 4 of the Dungeon.
             The game lasted 00:01:02 (2262 turns).

qw the Shooter (Gargoyle Hexslinger)                Turns: 2262, Time: 00:01:02

Health: -4/30      AC: 10    Str: 12    XL:     5   Next: 75%
Magic:  6/6        EV: 10    Int: 13    God:
Gold:   202        SH:  5    Dex: 14    Spells: 5/6 levels left

rFire   . . .        Y - +2 sling
rCold   . . .        (no shield)
rNeg    + . .        g - +0 ring mail
rPois   inf          (no helmet)
rElec   +            (no cloak)
rCorr   .            (no gloves)
SInv    .            d - +0 pair of boots
Will    .....        e - amulet of reflection
Stlth   +            (no ring)
HPRegen 0.25/turn    (no ring)
MPRegen 0.10/turn

%: reflection
@: no status effects
A: sickness immunity, AC +4, negative energy resistance 1, electricity
resistance, torment resistance 1, petrification resistance
a: no special abilities


You were on level 4 of the Dungeon.
You visited 2 branches of the dungeon, and saw 5 of its levels.

You collected 202 gold pieces.


Innate Abilities, Weirdness & Mutations

You are immune to sickness and miasma.
Your stone body is resilient. (AC +4)
You are immune to poison.
You resist negative energy. (rN+)
You are resistant to electric shocks. (rElec)
You are resistant to unholy torment.
You are immune to petrification.


   Skills:
 + Level 2.0 Fighting
 - Level 5.2 Ranged Weapons
 - Level 1.8 Armour
 - Level 1.5 Dodging
 - Level 1.0 Spellcasting
 - Level 2.6 Hexes


You had 5 spell levels left.
You knew the following spells:

 Your Spells              Type           Power      Damage    Failure   Level
a - Slow                  Hex            28%        N/A       21%         1

Your spell library contained the following spells:

 Spells                   Type           Power      Damage    Failure   Level
 Inner Flame              Hex/Fire       4%         N/A       71%         3
 Portal Projectile        Hex/Tloc       8%         N/A       71%         3
 Cause Fear               Hex            3%         N/A       90%         4

Inventory:

Hand Weapons
 Y - a +2 sling (weapon)
Armour
 d - a +0 pair of boots (worn)
 g - a +0 ring mail (worn)
Jewellery
 e - an amulet of reflection (around neck)
Scrolls
 b - a scroll of identify
Potions
 a - 3 potions of curing
 c - a potion of haste
 f - a potion of mutation
 j - a potion of lignification {unknown}

Dungeon Overview and Level Annotations

Branches:
Dungeon (4/15)             Temple (1/1) D:4

Altars:
Ashenzari
Cheibriados
Dithmenos
Elyvilon
Fedhas
Gozag
Makhleb
Nemelex Xobeh
Qazlal
Sif Muna
Uskayaw
Xom
Yredelemnul
Zin
The Shining One


Message History

The orc is moderately wounded.
You shoot a sling bullet.
The sling bullet closely misses the orc.
An orc priest comes into view. It is wielding a +0 club.
The orc hits you but does no damage.
You shoot a sling bullet. The sling bullet hits the orc.
The orc is severely wounded.
The orc hits you but does no damage.
The orc priest mumbles some strange prayers to Beogh against you.
Beogh smites you! The orc hits you with a +0 flail.
You shoot a sling bullet. The sling bullet hits the orc!
You kill the orc!
The orc priest hits you with a +0 club. The orc hits you but does no damage.
You shoot a sling bullet. The sling bullet hits the orc priest.
The orc priest is lightly wounded.
The orc priest invokes the aid of Beogh against you.
Pain shoots through your body! The orc hits you but does no damage.
The orc barely misses you.
You shoot a sling bullet.
The sling bullet hits the orc priest but does no damage.
The orc priest is lightly wounded.
The orc priest hits you but does no damage.
The orc hits you but does no damage. The orc completely misses you.
The orc hits you with a +0 mace. You block the orc's attack.
The orc priest casts a cantrip, but nothing happens.
You shoot a sling bullet. The sling bullet hits the orc priest!
The orc priest is heavily wounded.
The orc closely misses you. The orc barely misses you.
The orc priest barely misses you.
You shoot a sling bullet. The sling bullet hits the orc priest!
You kill the orc priest!
The orc barely misses you. The orc misses you.
Your Ranged Weapons skill increases to level 5!
You shoot a sling bullet.
The sling bullet closely misses the orc.
You block the orc's attack. The orc hits you but does no damage.
You shoot a sling bullet. The sling bullet hits the orc!
You kill the orc!
The orc hits you but does no damage. The orc hits you with a +0 hand axe.
You die...

..####.)##.
#..###
###.####..###
#+#
+##'.........##.
...
...##..####.###[
..# .. #.###.
#'##'# #.....
#.##.)#)#####.#
###..#
#....)@o......#
##..
#########.#####
##. #.# #.
#.############.
#..............
###############


You could see an orc.

Vanquished Creatures
  A hound (D:4)
  2 orc priests (D:4)
  An iguana (D:4)
  An adder (D:2)
  A worm (D:3)
  A dart slug (D:1)
  4 orcs (D:4)
  7 endoplasms
  7 giant cockroaches
  5 goblins
  8 hobgoblins
  4 jackals
  4 quokkas
  3 ball pythons
  4 bats (D:1)
  6 frilled lizards
  4 kobolds
  A rat (D:1)
64 creatures vanquished.

Notes
Turn   | Place    | Note
-------+----------+-------------------------------------------
     0 | D:1      | qw the Gargoyle Hexslinger began the quest for the Orb.
     0 | D:1      | Reached XP level 1. HP: 12/12 MP: 2/2
     0 | D:1      | 0 ||| qw: Version: 0.3-a-40-ge99b1a8
     0 | D:1      | 0 ||| qw: Game counter: 654
     0 | D:1      | 0 ||| qw: Melee chars always use a shield: true
     0 | D:1      | 0 ||| qw: God list: Okawaru
     0 | D:1      | 0 ||| qw: Allow faded altars: false
     0 | D:1      | 0 ||| qw: Do Orc after clearing Dungeon:15 true
     0 | D:1      | 0 ||| qw: Do second Lair branch before Depths: true
     0 | D:1      | 0 ||| qw: Lair rune preference: random
     0 | D:1      | 0 ||| qw: Goals: Normal
     0 | D:1      | 0 ||| PLANNING D:1-11
    49 | D:1      | Reached XP level 2. HP: 16/16 MP: 3/3
   167 | D:1      | Reached skill level 3 in Ranged Weapons
   354 | D:1      | 354 ||| UPGRADING to +0 ring mail.
   364 | D:1      | 364 ||| DROPPING +0 robe.
   365 | D:1      | 365 ||| READING scroll labelled DIOLUO OTEFEVUSM.
   366 | D:1      | 366 ||| READING scroll labelled MECOUM CUIHIYT.
   367 | D:1      | 367 ||| DROPPING scroll of poison.
   400 | D:2      | Reached XP level 3. HP: 21/21 MP: 4/4
   585 | D:2      | Found a burning altar of Makhleb.
  1021 | D:2      | 1021 ||| UPGRADING to amulet of reflection.
  1026 | D:2      | 1026 ||| READING 5 scrolls labelled MEONEK REHYQ.
  1027 | D:2      | 1027 ||| READING scroll labelled ILIURA BUUBE.
  1028 | D:2      | 1028 ||| DRINKING 2 glowing emerald potions.
  1029 | D:2      | 1029 ||| READING 4 scrolls of identify.
  1029 | D:2      | 1029 ||| IDENTIFYING fuming purple potion
  1030 | D:2      | 1030 ||| READING 3 scrolls of identify.
  1030 | D:2      | 1030 ||| IDENTIFYING fuming dark potion
  1761 | D:3      | 1761 ||| READING scroll labelled BIMUTSIDGHA.
  1762 | D:3      | 1762 ||| READING scroll labelled EJAL IDOPSIDOPO.
  1763 | D:3      | 1763 ||| READING 2 scrolls of identify.
  1763 | D:3      | 1763 ||| IDENTIFYING murky amethyst potion
  1785 | D:4      | Reached XP level 4. HP: 26/26 MP: 5/5
  1796 | D:4      | 1796 ||| STAIRDANCE
  1834 | D:4      | Found a shimmering altar of Xom.
  1841 | D:4      | Reached skill level 4 in Ranged Weapons
  1862 | D:4      | HP: 6/26 [orc priest/+0 club (2)]
  1863 | D:4      | 1863 ||| DRINKING 3 potions of heal wounds.
  1867 | D:4      | Reached skill level 1 in Armour
  1871 | D:4      | HP: 5/26 [orc/+0 dagger (3)]
  1872 | D:4      | 1872 ||| DRINKING 2 potions of heal wounds.
  1877 | D:4      | HP: 6/26 [frozen (3)]
  1878 | D:4      | 1878 ||| DRINKING potion of heal wounds.
  1880 | D:4      | Reached XP level 5. HP: 23/30 MP: 6/6
  2110 | D:4      | Found a staircase to the Ecumenical Temple.
  2111 | D:4      | 2111 ||| PLANNING TEMPLE
  2130 | D:4      | 2130 ||| UPGRADING to +0 pair of boots.
  2135 | D:4      | 2135 ||| READING 2 scrolls of identify.
  2135 | D:4      | 2135 ||| IDENTIFYING golden potion
  2136 | D:4      | 2136 ||| DROPPING potion of brilliance.
  2141 | Temple   | Entered the Ecumenical Temple
  2178 | Temple   | 2178 ||| PLANNING D:1-11
  2257 | D:4      | HP: 6/30 [orc priest/nerve-wracking pain (7)]
  2258 | D:4      | HP: 1/30 [orc/+0 mace (5)]
  2261 | D:4      | Reached skill level 5 in Ranged Weapons
  2262 | D:4      | Slain by an orc

Levels and vault maps discovered:
D:1:      erik_arrival_blinker_ship, layout_rooms, feat_on_display
D:2:      layout_basic, basic_altar
D:3:      layout_basic
D:4:      layout_loops_ring, mainiacjoe_overflow_24_doors,
          brannock_xom_greatest_gift, minmay_temple_entry_wispy, minivault_23,
          st_stairs_2, corexii_shack
Temple:   nicolae_temple_ecumenical_triangle

Skill      XL: |  1  2  3  4  5 |
---------------+----------------+-----
Ranged Weapons | 3 4 5 |  5.2
Fighting       | 2 |  2.0
Armour         | 1 |  1.8
Dodging        | |  1.5
Spellcasting   | |  1.0
Hexes          | |  2.6

Action                     |  1- 3 |  4- 6 || total
---------------------------+-------+-------++-------
   Fire: Sling             |   141 |    89 ||   230
    Use: Scroll            |     9 |     1 ||    10
         Potion            |     1 |     3 ||     4
 Armour: Robe              |    12 |       ||    12
         Ring mail         |    17 |    58 ||    75
  Dodge: Dodged            |    34 |    67 ||   101
  Block: Other             |       |    28 ||    28

Table legend:
 A = Non-vault XP
 B = Vault XP
 C = Vault XP percentage of total XP
 D = Non-vault monster count
 E = Vault monster count
 F = Vault count percentage of total count
                 A         B        C        D         E       F
            +---------+---------+-------+---------+---------+-------
      Total |     236 |      49 |  17.2 |      61 |       3 |   4.7
            +---------+---------+-------+---------+---------+-------
        D:1 |      30 |       0 |   0.0 |      17 |       0 |   0.0
        D:2 |      34 |       0 |   0.0 |      13 |       0 |   0.0
        D:3 |      21 |       0 |   0.0 |      12 |       0 |   0.0
        D:4 |     151 |      49 |  24.5 |      19 |       3 |  13.6
            +---------+---------+-------+---------+---------+-------
